AoeStats
← feely

Black Forest

508465403Analyzed
4v4 RM · 10d ago on Sep 22, 2026· 43m 21s· 8 players
Game mode
Random Map
Map size
Large (8 player)
Population
200
Speed
Normal
Resources
Standard
Victory
Conquest
Starting age
Dark Age
Ending age
Imperial Age
RankedLock teamsTeams togetherTeam positionsShared explorationLock speedFull tech treeHidden civsTurbo modeCheats
Victory
Defeat
🇹🇼 Persians · Taiwan
1409
+17
🇲🇦 Bohemians · Morocco
1398
+17
🇩🇪 Saxons · Germany
1357
+19
🇹🇼 Persians · Taiwan
1323
+20
🇲🇽 Cumans · Mexico
1481
-20
🇨🇦 Saxons · Canada
1464
-20
🇲🇽 Dravidians · Mexico
1431
-19
🇧🇷 Danes · Brazil
1324
-14
feely
5:25 Loom
11:21 Feudal Age
15:38 Castle Age
14:07 Gold Mining
15:11 Scale Barding Armor
16:48 Chain Barding Armor
27:47 Wheelbarrow
27:02 Town Watch
28:46 Double-Bit Axe
30:18 Bow Saw
30:28 Horse Collar
31:50 Fishing Lines
38:18 Imperial Age
36:59 Forging
38:03 Husbandry
38:13 Bloodlines
38:05 Cavalier
39:15 Hand Cart
39:56 Plate Barding Armor
40:57 Gold Shaft Mining
40:55 Conscription
41:49 Savar
44:15 Iron Casting
wayneid
0:38 Loom
12:19 Feudal Age
18:22 Double-Bit Axe
22:47 Horse Collar
29:29 Castle Age
29:30 Wheelbarrow
31:04 Wheelbarrow
38:22 Bow Saw
41:06 Hand Cart
42:12 Pikeman
42:53 Squires
46:00 Imperial Age
野豬騎士來囉
1:00 Loom
10:24 Feudal Age
16:46 Double-Bit Axe
21:15 Castle Age
20:27 Horse Collar
21:08 Gold Mining
21:13 Stone Mining
22:09 Bow Saw
22:02 Heavy Plow
26:24 Imperial Age
27:43 Chemistry
28:02 Wheelbarrow
29:06 Scale Barding Armor
29:43 Hand Cart
30:01 Conscription
30:04 Forging
30:28 Scale Mail Armor
30:18 Pikeman
30:58 Squires
30:44 Arson
31:57 Iron Casting
32:34 Chain Mail Armor
31:42 Halberdier
34:06 Blast Furnace
34:22 Plate Mail Armor
34:19 Heavy Scorpion
36:10 Chain Barding Armor
37:01 Gold Shaft Mining
36:09 Cavalier
36:49 Husbandry
37:00 Bloodlines
37:07 Bloodlines
36:57 Husbandry
38:00 Two-Man Saw
37:40 Savar
39:00 Plate Barding Armor
DerAbwurster
9:18 Loom
11:46 Feudal Age
13:27 Double-Bit Axe
16:06 Castle Age
16:18 Wheelbarrow
17:39 Bow Saw
18:53 Horse Collar
21:30 Fletching
23:26 Town Watch
23:44 Heavy Plow
24:06 Gold Mining
29:07 Imperial Age
26:46 Stone Mining
27:35 Gold Shaft Mining
27:02 Bodkin Arrow
27:07 Scale Mail Armor
27:46 Scale Mail Armor
28:09 Squires
27:56 Arson
28:54 Chain Mail Armor
28:59 Forging
28:14 Pikeman
29:13 Elite Varangian Guard
30:55 Plate Mail Armor
31:54 Conscription
32:14 Iron Casting
32:52 Hand Cart
34:51 Two-Man Saw
33:47 Gambesons
35:35 Shield Wall
36:49 Guilds
36:49 Siege Engineers
37:27 Elite Hearth Troop
39:53 Masonry
40:04 Ballistics
40:45 Chemistry
39:41 Murder Holes
39:50 Bracer
39:52 Padded Archer Armor
39:57 Scale Barding Armor
40:05 Caravan
40:36 Coinage
40:39 Halberdier
41:58 Hoardings
42:04 Hoardings
42:12 Banking
42:37 Hoardings
43:33 Leather Archer Armor
43:39 Chain Barding Armor
TaToHciego
6:35 Loom
10:01 Feudal Age
11:01 Double-Bit Axe
12:29 Fletching
21:44 Town Watch
25:31 Castle Age
23:54 Horse Collar
24:06 Gold Mining
24:28 Padded Archer Armor
24:29 Scale Mail Armor
25:34 Forging
25:34 Crossbowman
27:05 Bodkin Arrow
27:45 Thumb Ring
28:27 Bow Saw
29:23 Ballistics
30:39 Iron Casting
29:29 Pikeman
33:04 Man-at-Arms
33:53 Long Swordsman
41:11 Imperial Age
39:46 Stone Mining
41:16 Arbalester
42:01 Bracer
43:04 Chemistry
Mr.stealyoBoar
0:53 Loom
12:20 Feudal Age
16:39 Castle Age
15:53 Double-Bit Axe
18:26 Bow Saw
18:45 Fortified Wall
23:12 Ballistics
22:40 Horse Collar
26:42 Gambesons
26:58 Squires
26:44 Arson
28:27 Forging
28:18 Scale Mail Armor
28:09 Fletching
32:36 Imperial Age
32:17 Chain Mail Armor
33:27 Iron Casting
34:04 Plate Mail Armor
34:12 Elite Varangian Guard
35:49 Wheelbarrow
36:49 Iron Casting
39:03 Plate Mail Armor
40:57 Bodkin Arrow
BaianinhoDeMaua
5:39 Loom
10:43 Feudal Age
14:20 Castle Age
16:26 Double-Bit Axe
22:58 Forging
24:14 Scale Mail Armor
24:38 Gold Mining
29:22 Imperial Age
27:29 Bow Saw
27:12 Arson
28:58 Chain Mail Armor
35:12 Plate Mail Armor
35:12 Hamask
Mike
1:34 Loom
10:31 Feudal Age
11:09 Double-Bit Axe
23:18 Horse Collar
27:41 Castle Age
27:04 Scale Barding Armor
28:59 Chain Barding Armor
28:50 Bloodlines
29:40 Wheelbarrow
28:51 Town Watch
30:56 Forging
34:27 Imperial Age
33:24 Iron Casting
32:59 Capped Ram
35:45 Plate Barding Armor
34:31 Cavalier
35:16 Heavy Plow
35:32 Bow Saw
37:29 Paladin
40:27 Blast Furnace
40:45 Paladin
Connection lost

Rejoining the realm…

Still unreachable

The connection could not be restored.

Session expired

The server has moved on; the page needs a fresh start.